 Dungeon Crawl Stone Soup version 0.29.1-1-gd02db6906a (webtiles) character file.

Game seed: 5739920673253717692

49 bigdar the Chopper (level 3, -2/30 HPs)
             Began as a Minotaur Gladiator on Oct 7, 2022.
             Slain by a gnoll
             ... wielding a +0 club
              (3 damage)
             ... on level 2 of the Dungeon.
             The game lasted 00:01:47 (1025 turns).

bigdar the Chopper (Minotaur Gladiator)             Turns: 1025, Time: 00:01:48

Health: -2/30      AC:  8    Str: 20    XL:     3   Next: 53%
Magic:  2/2        EV:  8    Int:  5    God:
Gold:   32         SH:  0    Dex: 11    Spells: 2/2 levels left

rFire   . . .      SeeInvis .   a - +0 war axe
rCold   . . .      Faith    .   (no shield)
rNeg    . . .      Spirit   .   h - +0 chain mail
rPois   .          Reflect  .   c - +0 hat
rElec   .          Harm     .   (no cloak)
rCorr   .          Rampage  .   (no gloves)
Will    .....                   (no boots)
Stlth   ..........              (no amulet)
HPRegen 0.10/turn               (no ring)
MPRegen 0.08/turn               (no ring)

@: hasted, very quick
A: horns 2, retaliatory headbutt
a: no special abilities


You were on level 2 of the Dungeon.
You visited 1 branch of the dungeon, and saw 2 of its levels.

You collected 32 gold pieces.

Inventory:

Hand Weapons
 a - a +0 war axe (weapon)
Missiles
 d - 3 throwing nets (quivered)
 e - a javelin
Armour
 b - a +0 leather armour
 c - a +0 hat (worn)
 h - a +0 chain mail (worn)
Jewellery
 g - a ring of magical power
Scrolls
 f - a scroll of teleportation {unknown}
 j - a scroll of poison {unknown}
 k - 4 scrolls of identify {unknown}
 l - a scroll of torment {unknown}
Potions
 m - a potion of degeneration {unknown}


   Skills:
 + Level 2.7 Fighting
 + Level 4.6 Axes
 + Level 2.1 Throwing
 + Level 0.4 Armour
 + Level 3.9 Dodging


You had 2 spell levels left.
You didn't know any spells.
Your spell library was empty.

Dungeon Overview and Level Annotations

Branches:
Dungeon (2/15)

Altars:


Innate Abilities, Weirdness & Mutations

You have a pair of horns on your head.
You reflexively headbutt those who attack you in melee.


Message History

The hobgoblin hits you but does no damage.
You slash the hobgoblin!
You kill the hobgoblin!
You now have 32 gold pieces (gained 11).
k - 4 scrolls labelled BOEPAD MOCULY (gained 1)
A gnoll comes into view. It is wielding a +0 halberd.
Found a stone staircase leading down.
A gnoll comes into view. It is wielding a +0 whip.
The gnoll shouts!
A gnoll comes into view. It is wielding a +0 halberd.
Found a stone staircase leading down.
A gnoll comes into view. It is wielding a +0 club.
The gnoll shouts!
The gnoll hits you with a +0 halberd!
You see here 4 gold pieces.
You hit the gnoll. Your headbutt misses the gnoll.
The gnoll is heavily wounded.
A rat comes into view.
The gnoll hits you with a +0 halberd.
A quokka comes into view.
You barely miss the gnoll.
The gnoll is heavily wounded.
You slash the gnoll! The gnoll closely misses you.
The gnoll hits you with a +0 halberd. The gnoll completely misses you.
The gnoll hits you with a +0 halberd.
You closely miss the gnoll. x2; You slash the gnoll!
You kill the gnoll!
You barely miss the gnoll. The gnoll hits you with a +0 whip.
* * * LOW HITPOINT WARNING * * *
The gnoll hits you with a +0 halberd.
* * * LOW HITPOINT WARNING * * *
The gnoll barely misses you. The gnoll hits you but does no damage.
The gnoll closely misses you. The gnoll barely misses you.
It was a potion of haste.
You feel yourself speed up. The gnoll hits you with a +0 whip.
* * * LOW HITPOINT WARNING * * *
The gnoll hits you with a +0 halberd.
* * * LOW HITPOINT WARNING * * *
The gnoll hits you with a +0 club.
You die...

#... #.> #.## ##.## #.#
#...# ####.## #...#
#...... #...# ##.##.##
#####...######.......
.#.#..r.)......##......#
.....rg@$..............#
...#..gg.......##.......
#####...######.......
#$..# #<##.... #...#
#.....<. .....# #######.
##.#..# #. #...># #. #.


You could see 3 gnolls, a quokka and a rat.

Vanquished Creatures
  A gnoll (D:2)
  3 ball pythons (D:1)
  2 bats (D:1)
  An endoplasm (D:1)
  2 giant cockroaches (D:1)
  4 goblins (D:1)
  5 hobgoblins
  8 jackals (D:1)
  3 quokkas (D:1)
  A frilled lizard (D:1)
  A kobold (D:1)
  2 rats (D:1)
33 creatures vanquished.

Notes
Turn   | Place    | Note
-------+----------+-------------------------------------------
     0 | D:1      | bigdar the Minotaur Gladiator began the quest for the Orb.
     0 | D:1      | Reached XP level 1. HP: 18/18 MP: 0/0
   179 | D:1      | Reached XP level 2. HP: 22/25 MP: 1/1
   186 | D:1      | Reached skill level 4 in Axes
   683 | D:1      | Reached XP level 3. HP: 23/30 MP: 2/2
  1025 | D:2      | HP: 1/30 [gnoll/+0 halberd (2)]
  1025 | D:2      | Slain by a gnoll

Illustrated notes

Levels and vault maps discovered:
D:1:      tarquinn_simple_flora_water_f, layout_loops_cross
D:2:      layout_loops_cross, minmay_pentomino_u2

Skill      XL: |  1  2 |
---------------+-------+-----
Axes           | 4 |  4.6
Fighting       | |  2.7
Throwing       | |  2.1
Armour         | |  0.4
Dodging        | |  3.9

Action                   || total
-------------------------++-------
Melee: War axe           ||    61
       Headbutt          ||     5
  Use: Potion            ||     1
Armor: Chain mail        ||    32
       Leather armour    ||     3
Dodge: Dodged            ||    35
